 Dungeon Crawl Stone Soup version 0.30-a0-54-g2e61a25929 (webtiles) character file.

Game seed: 12652899411942999588

42 Bikalo the Digger (level 3, -1/19 HPs)
             Began as a Gargoyle Earth Elementalist on Sept 7, 2022.
             Slain by Terence
             ... wielding a +0 hand axe
              (2 damage)
             ... on level 2 of the Dungeon.
             The game lasted 00:03:03 (1802 turns).

Bikalo the Digger (Gargoyle Earth Elementalist)     Turns: 1802, Time: 00:03:03

Health: -1/19      AC:  5    Str: 11    XL:     3   Next: 54%
Magic:  2/6        EV: 11    Int: 17    God:
Gold:   31         SH:  0    Dex: 10    Spells: 1/7 levels left

rFire   . . .      SeeInvis .    (no weapon)
rCold   . . .      Faith    .    (no shield)
rNeg    + . .      Spirit   .    a - +0 robe
rPois   ∞          Reflect  .    (no helmet)
rElec   +          Harm     .    (no cloak)
rCorr   .          Rampage  .    (no gloves)
Will    .....                    (no boots)
Stlth   ++........               (no amulet)
HPRegen 0.06/turn                (no ring)
MPRegen 0.10/turn                (no ring)

@: mighty, very slightly contaminated
A: sickness immunity, AC +3, negative energy resistance 1, electricity
resistance, torment resistance 1, petrification resistance
a: no special abilities


You were on level 2 of the Dungeon.
You visited 1 branch of the dungeon, and saw 2 of its levels.

You collected 31 gold pieces.

Inventory:

Armour
 a - a +0 robe (worn)
Jewellery
 h - a +6 ring of dexterity
Scrolls
 d - a scroll of vulnerability {unknown}
 e - 2 scrolls of poison {unknown}
 f - a scroll of acquirement {unknown}
 i - 2 scrolls of identify {unknown}
Potions
 b - a potion of magic
 g - a potion of berserk rage {unknown}
 j - a potion of curing {unknown}


   Skills:
 - Level 1.5 Dodging
 - Level 2.1 Stealth
 + Level 2.6 Spellcasting
 * Level 0.7 Transmutations
 * Level 4.8 Earth Magic


You had one spell level left.
You knew the following spells:

 Your Spells              Type           Power      Damage    Failure   Level
a - Sandblast             Erth           36%        2d10      2%          1
b - Stone Arrow           Conj/Erth      20%        3d8       21%         3
c - Passwall              Tmut/Erth      9%         N/A       9%          2

Your spell library contained the following spells:

 Spells                   Type           Power      Damage    Failure   Level
 Petrify                  Tmut/Erth      11%        N/A       50%         4


Dungeon Overview and Level Annotations

Branches:
Dungeon (2/15)

Altars:

Annotations:
D:2 Sigmund, Terence


Innate Abilities, Weirdness & Mutations

You are immune to sickness and miasma.
Your stone body is resilient. (AC +3)
You are immune to poison.
You resist negative energy. (rN+)
You are resistant to electric shocks. (rElec)
You are resistant to unholy torment.
You are immune to petrification.


Message History

You kill the bat!
Casting: Sandblast (safe; 2% risk of failure)
Confirm with . or Enter, or press ? or * to list all spells.
Aiming: Sandblast (safe; 2% risk of failure)
Press: ? - help, Shift-Dir - straight line, f - Terence
Aim: Terence, wielding a +0 hand axe and wearing a +0 chain mail of cold resistance (87% to hit)
The blast of sand hits Terence but does no damage.
Casting: Sandblast (safe; 2% risk of failure)
Confirm with . or Enter, or press ? or * to list all spells.
Aiming: Sandblast (safe; 2% risk of failure)
Press: ? - help, Shift-Dir - straight line, f/p - Terence
Aim: Terence, wielding a +0 hand axe and wearing a +0 chain mail of cold resistance (87% to hit)
You miscast Sandblast.
You are very lightly contaminated with residual magic.
Nothing appears to happen.
Casting: Sandblast (safe; 2% risk of failure)
Confirm with . or Enter, or press ? or * to list all spells.
The spell is extremely dangerous to miscast (21% risk of failure)!
Continue anyway?
Okay, then.
Casting: Stone Arrow (extremely dangerous; 21% risk of failure)
Confirm with . or Enter, or press ? or * to list all spells.
Aiming: Sandblast (safe; 2% risk of failure)
Press: ? - help, Shift-Dir - straight line, f/p - Terence
Aim: Terence, wielding a +0 hand axe and wearing a +0 chain mail of cold resistance (87% to hit)
You miscast Sandblast.
Nothing appears to happen.
Terence hits you with a +0 hand axe.
Casting: Sandblast (safe; 2% risk of failure)
Confirm with . or Enter, or press ? or * to list all spells.
Aiming: Sandblast (safe; 2% risk of failure)
Press: ? - help, Shift-Dir - straight line, f/p - Terence
Aim: Terence, wielding a +0 hand axe and wearing a +0 chain mail of cold resistance (87% to hit)
The blast of sand misses Terence.
Terence hits you with a +0 hand axe. Terence attacks as you move away!
Terence misses you. Terence hits you with a +0 hand axe.
Terence attacks as you move away! Terence hits you with a +0 hand axe!
* * * LOW HITPOINT WARNING * * *
It was a potion of might.
You feel very mighty all of a sudden. Terence hits you with a +0 hand axe.
You die...

..........<.@.....#
@...........####..#
#####.......@.....#
#.>..########†#.#
###########.#..........#
#.........#.#.######.###
#.#######.#.#.# #.# #.#
#...#@# #.# #.# ######@#
#.# #.# #......######.#
#.# ##.###.........# #.#
#<...###.#######
#.######.#.# #.#
#........#.###.#
########.#.....#
#########


You could see Terence.

Vanquished Creatures
  A dart slug (D:1)
  3 bats
  6 endoplasms
  2 giant cockroaches (D:1)
  4 goblins (D:1)
  3 hobgoblins (D:1)
  5 jackals (D:1)
  2 quokkas (D:1)
  4 ball pythons (D:1)
  2 rats (D:1)
32 creatures vanquished.

Notes
Turn   | Place    | Note
-------+----------+-------------------------------------------
     0 | D:1      | Bikalo the Gargoyle Earth Elementalist began the quest for
                  | the Orb.
     0 | D:1      | Reached XP level 1. HP: 10/10 MP: 3/3
    59 | D:1      | Reached skill level 4 in Earth Magic
   102 | D:1      | Found a faded altar of an unknown god.
   107 | D:1      | Reached XP level 2. HP: 15/15 MP: 1/5
   491 | D:1      | Reached XP level 3. HP: 19/19 MP: 2/6
  1674 | D:2      | Noticed Sigmund
  1676 | D:2      | Noticed Terence
  1684 | D:1      | Learned a level 3 spell: Stone Arrow
  1687 | D:1      | Learned a level 2 spell: Passwall
  1802 | D:2      | Slain by Terence

Illustrated notes

Levels and vault maps discovered:
D:1:      pf_arrival_petrified_forest, layout_basic,
          chequers_ecumenical_altar_simple
D:2:      layout_basic, basic_altar, uniq_terence, uniq_sigmund

Skill      XL: |  1 |
---------------+----+-----
Earth Magic    | 4 |  4.8
Dodging        | |  1.5
Stealth        | |  2.1
Spellcasting   | |  2.6
Transmutations | |  0.7

Action                   || total
-------------------------++-------
Melee: Unarmed           ||     1
 Cast: Sandblast         ||    44
  Use: Potion            ||     1
Armor: Robe              ||     9
Dodge: Dodged            ||    14

Table legend: (Time is in decaauts)
 A = Elapsed time spent in this place.
 B = Non-inter-level travel time spent in this place.
 C = Inter-level travel time spent in this place.
 D = Time resting spent in this place.
 E = Time spent auto-exploring this place.
 F = Levels seen in this place.
 G = Mean time per level.
                   A        B        C        D        E       F      G
               +--------+--------+--------+--------+--------+-----+--------+
         Total |   1825 |   1771 |     54 |    373 |   1195 |   2 |  912.5 |
       Dungeon |   1825 |   1771 |     54 |    373 |   1195 |   2 |  912.5 |
               +--------+--------+--------+--------+--------+-----+--------+

Top non-repeatable levels by time:
     D:1: 1711 daAuts
     D:2: 114 daAuts
